[Event "ICC Open 2015"]
[Site "Internet Chess Club"]
[Date "2015.05.29"]
[Round "6"]
[White "MAYAB"]
[Black "Sjelan"]
[Result "1-0"]
[ICCResult "Black resigns"]
[WhiteElo "1829"]
[BlackElo "2197"]
[Opening "Réti opening"]
[ECO "A04"]
[NIC "QP.11"]
[Time "15:02:06"]
[TimeControl "180+0"]

1. Nf3 c6 2. g3 d5 3. Bg2 Nf6 4. d3 Bf5 5. O-O Nbd7 6. Nbd2 e6 7. Qe1 h6 8.
c4 Be7 9. e4 dxe4 10. dxe4 Bh7 11. e5 Ng8 12. Ne4 Bxe4 13. Qxe4 Nc5 14. Qg4
g6 15. Be3 h5 16. Qf4 Qd3 17. Rfd1 Qf5 18. Nd4 Qxf4 19. gxf4 Nh6 20. b4 Nd7
21. b5 c5 22. Nb3 Rb8 23. a4 Nf5 24. a5 Nxe3 25. fxe3 Bd8 26. a6 b6 27. Bc6
Kf8 28. Rxd7 Kg7 29. Nd2 Bh4 30. Ne4 Rhd8 31. Rad1 Rxd7 32. Rxd7 {Black
resigns} 1-0

[Event "ICC Open 2015"]
[Site "Internet Chess Club"]
[Date "2015.05.29"]
[Round "6"]
[White "yellow"]
[Black "Unlikely"]
[Result "0-1"]
[ICCResult "White resigns"]
[WhiteElo "1531"]
[BlackElo "2057"]
[Opening "Dutch"]
[ECO "A80"]
[NIC "HD.12"]
[Time "15:01:39"]
[TimeControl "180+0"]

1. d4 f5 2. Nf3 Nf6 3. g3 g6 4. Bg2 Bg7 5. O-O d6 6. c3 O-O 7. Nbd2 h6 8.
Re1 Nc6 9. e4 e5 10. exf5 gxf5 11. dxe5 dxe5 12. Nxe5 Nxe5 13. Rxe5 Ne4 14.
Qb3+ Kh7 15. Rd5 Qe8 16. Nxe4 fxe4 17. Rd1 Bg4 18. Re1 Bf5 19. Be3 c6 20.
Rad1 Rf7 21. a3 b6 22. Qc4 Rd8 23. Rxd8 Qxd8 24. Qxc6 Qf6 25. Bxe4 Bg6 26.
Bxg6+ Qxg6 27. Qd5 Qf5 28. Qxf5+ Rxf5 29. Rd1 Rf7 30. Bd4 Bf8 31. Re1 Bd6
32. Re6 Be7 33. f4 Bd8 34. Kg2 Bc7 35. Be5 Bd8 36. Rd6 Bc7 37. Rd7 Rxd7 38.
Bxc7 Rxc7 39. Kf3 Kg6 40. g4 h5 41. g5 Kf5 42. h4 Rc4 43. g6 Rxf4+ 44. Ke3
Rg4 45. g7 Rxg7 {White resigns} 0-1

[Event "ICC Open 2015"]
[Site "Internet Chess Club"]
[Date "2015.05.29"]
[Round "6"]
[White "nikenwidiartto"]
[Black "MastroNuzzo"]
[Result "0-1"]
[ICCResult "White resigns"]
[WhiteElo "1782"]
[BlackElo "2382"]
[Opening "Sicilian: closed, 2...Nc6"]
[ECO "B23"]
[NIC "SI.44"]
[Time "15:02:14"]
[TimeControl "180+0"]

1. e4 c5 2. Nc3 Nc6 3. Bb5 Nd4 4. Nf3 g6 5. O-O Bg7 6. Nxd4 cxd4 7. Ne2 Qa5
8. Bc4 Nf6 9. e5 Ng4 10. f4 Qc5 11. Bd3 d6 12. h3 Nh6 13. exd6 Qxd6 14. Ng3
O-O 15. b3 a5 16. a4 Be6 17. Qe2 Rfe8 18. Ba3 Qd7 19. Rae1 Bd5 20. Bb5 Bc6
21. Bc4 e6 22. Ne4 Nf5 23. d3 Bxe4 24. Qxe4 Ng3 25. Rf3 Nxe4 {White resigns}
0-1

[Event "ICC Open 2015"]
[Site "Internet Chess Club"]
[Date "2015.05.29"]
[Round "6"]
[White "Lundendorf"]
[Black "anu1217"]
[Result "1-0"]
[ICCResult "Black resigns"]
[WhiteElo "1863"]
[BlackElo "1864"]
[Opening "Scotch: Potter variation"]
[ECO "C45"]
[NIC "SO.05"]
[Time "15:02:50"]
[TimeControl "180+0"]

1. e4 e5 2. Nf3 Nc6 3. d4 exd4 4. Nxd4 Bc5 5. Nb3 Bb6 6. Nc3 Nge7 7. a4 a6
8. Bg5 O-O 9. Nd5 d6 10. Nxb6 cxb6 11. Qd2 f6 12. Be3 d5 13. O-O-O dxe4 14.
Qxd8 Rxd8 15. Rxd8+ Nxd8 16. Bxb6 Ne6 17. Bc4 Kf8 18. Na5 Nf4 19. g3 Nfd5
20. Bc5 Nc7 21. Rd1 Be6 22. Ba3 Bg4 23. Rd4 b6 24. Nc6 {Black resigns} 1-0

[Event "ICC Open 2015"]
[Site "Internet Chess Club"]
[Date "2015.05.29"]
[Round "6"]
[White "Providence"]
[Black "jefferyx"]
[Result "0-1"]
[ICCResult "White forfeits on time"]
[WhiteElo "2505"]
[BlackElo "2923"]
[Opening "St. George (Baker) defense"]
[ECO "B00"]
[NIC "VO.17"]
[Time "15:01:18"]
[TimeControl "180+0"]

1. e4 a6 2. d4 b5 3. Nf3 Bb7 4. Bd3 e6 5. O-O Nf6 6. Re1 d5 7. Nbd2 c5 8. c3
cxd4 9. cxd4 dxe4 10. Nxe4 Nbd7 11. Neg5 Bd5 12. Ne5 Nxe5 13. dxe5 Nd7 14.
Bf4 Be7 15. Qh5 g6 16. Qh6 Bf8 17. Qh3 Nc5 18. Rad1 Be7 19. Qh6 Bf8 20. Qh3
Qa5 21. Ne4 O-O-O 22. Nd6+ Bxd6 23. exd6 Qb4 24. Rc1 Qxf4 25. Rxc5+ Kb8 26.
Bxb5 Qxd6 27. Rec1 Bc4 28. Bxc4 Qxc5 29. Qf3 Rd7 30. Qf4+ Ka7 31. Bxe6 Rc8
{White forfeits on time}
0-1

[Event "ICC Open 2015"]
[Site "Internet Chess Club"]
[Date "2015.05.29"]
[Round "6"]
[White "vpeichev"]
[Black "LLEonidSTEin"]
[Result "1-0"]
[ICCResult "Black forfeits on time"]
[WhiteElo "1660"]
[BlackElo "1842"]
[Opening "Ruy Lopez: exchange variation"]
[ECO "C68"]
[NIC "RL.08"]
[Time "15:01:13"]
[TimeControl "180+0"]

1. e4 e5 2. Nf3 Nc6 3. Bb5 a6 4. Bxc6 dxc6 5. d4 exd4 6. Qxd4 Qxd4 7. Nxd4
Bc5 8. Be3 Nf6 9. f3 O-O 10. Nc3 Bb4 11. Ne2 Re8 12. O-O-O Be6 13. a3 Ba5
14. b4 Bb6 15. Bxb6 cxb6 16. Nd4 Bc4 17. Nf5 Red8 18. Nd6 Be6 19. Nxb7 Rxd1+
20. Rxd1 g6 21. Rd8+ Rxd8 22. Nxd8 Bd7 23. Nb7 Ne8 24. a4 Bc8 25. Nd8 Bd7
26. a5 bxa5 27. bxa5 Nc7 28. Nb7 Ne6 29. Na4 Bc8 30. Nbc5 Nd4 31. Nb6 Be6
32. Nxa6 Nb5 33. Nc5 Ba2 34. a6 Na7 35. c4 Kf8 36. Kb2 Bxc4 37. Nxc4 Ke7 38.
Kb3 f6 39. Kb4 Nb5 40. Ka5 Kd8 41. Kb6 {Black forfeits on time} 1-0

[Event "ICC Open 2015"]
[Site "Internet Chess Club"]
[Date "2015.05.29"]
[Round "6"]
[White "Zigfrid"]
[Black "Zablotsky"]
[Result "1-0"]
[ICCResult "Black resigns"]
[WhiteElo "3155"]
[BlackElo "2807"]
[Opening "Queen's pawn game, Chigorin variation"]
[ECO "D02"]
[NIC "QP.09"]
[Time "15:01:12"]
[TimeControl "180+0"]

1. Nf3 d5 2. d4 Nc6 3. c4 Bg4 4. cxd5 Bxf3 5. gxf3 Qxd5 6. e3 e5 7. Nc3 Bb4
8. Bd2 Bxc3 9. bxc3 Nf6 10. c4 Qd6 11. d5 Ne7 12. Qb3 b6 13. Bb4 c5 14. Bc3
O-O 15. Be2 Rfe8 16. a4 Rab8 17. h4 Nf5 18. O-O-O a6 19. Qc2 Qd7 20. h5 b5
21. axb5 axb5 22. cxb5 Nd4 23. exd4 cxd4 24. Bxd4 Rec8 25. Bc3 Nxd5 26. Rxd5
Qxd5 27. Rd1 Qc5 28. Kb2 Ra8 29. Qb3 Qxf2 30. Rd2 Qg1 31. Bd1 Ra7 32. Qd5 h6
33. Qxe5 Rca8 34. Kc2 Ra2+ 35. Bb2 Rc8+ 36. Kb1 Ra7 37. Qd4 Qxd4 38. Bxd4
Rb7 39. b6 {Black resigns} 1-0

[Event "ICC Open 2015"]
[Site "Internet Chess Club"]
[Date "2015.05.29"]
[Round "6"]
[White "vicmel"]
[Black "sakram07"]
[Result "0-1"]
[ICCResult "White resigns"]
[WhiteElo "1953"]
[BlackElo "1778"]
[Opening "Philidor: exchange variation"]
[ECO "C41"]
[NIC "KP.08"]
[Time "15:01:00"]
[TimeControl "180+0"]

1. e4 e5 2. Nf3 d6 3. d4 exd4 4. Nxd4 Nc6 5. Bb5 Bd7 6. Bxc6 Bxc6 7. Nc3 Nf6
8. Nxc6 bxc6 9. O-O Qd7 10. Bf4 Be7 11. Qd2 O-O 12. Rad1 Nh5 13. Be3 g6 14.
f4 Ng7 15. f5 Bf6 16. Bf4 Qe7 17. Rde1 Be5 18. Bh6 Rfe8 19. Nd1 c5 20. b3
Bd4+ 21. Kh1 Qh4 22. Bg5 Qh5 23. c3 Be5 24. Bf4 g5 25. Bxe5 Rxe5 26. Nf2 f6
27. Rb1 g4 28. g3 Rae8 29. b4 Kf7 30. bxc5 Rxc5 31. Rb7 Re7 32. Rxa7 Rce5
33. Qd3 d5 34. c4 Nxf5 35. exf5 Re1 36. Qxd5+ Kg7 37. Ra8 Rxf1+ 38. Kg2
Rxf2+ 39. Kxf2 Qxh2+ 40. Qg2 Re2+ 41. Kxe2 Qxg2+ 42. Kd3 Qxa8 43. Kd4 Qxa2
44. Kc5 Qg2 45. Kb5 Qxg3 46. c5 h5 47. Kc6 h4 48. Kd7 h3 49. Ke6 h2 50. Kd5
h1=Q+ 51. Kc4 Qf4+ 52. Kb5 Qb1+ {White resigns} 0-1

[Event "ICC Open 2015"]
[Site "Internet Chess Club"]
[Date "2015.05.29"]
[Round "6"]
[White "muisback"]
[Black "fireland"]
[Result "1/2-1/2"]
[ICCResult "Game drawn by repetition"]
[WhiteElo "3116"]
[BlackElo "3038"]
[Opening "Four knights game"]
[ECO "C47"]
[NIC "KP.06"]
[Time "15:01:33"]
[TimeControl "180+0"]

1. e4 e5 2. Nc3 Nc6 3. Nf3 Nf6 4. g3 Bc5 5. Bg2 d6 6. d3 Nd4 7. Nxd4 Bxd4 8.
h3 Be6 9. Ne2 Bb6 10. O-O c6 11. Kh2 h5 12. f3 Qd7 13. a4 a6 14. d4 Bc4 15.
c3 h4 16. g4 exd4 17. cxd4 Bxe2 18. Qxe2 Bxd4 19. Rd1 c5 20. Bg5 Qe6 21. f4
Nd7 22. e5 f6 23. Kh1 fxg5 24. f5 Qxe5 25. Qc4 O-O-O 26. Re1 Qg3 27. Qd5
Rde8 28. Qxb7+ Kd8 29. Qa8+ Kc7 30. Qc6+ Kd8 31. Qa8+ Kc7 32. Qb7+ Kd8 33.
Qa8+ Kc7 34. Qb7+ Kd8 {Game drawn by repetition} 1/2-1/2

[Event "ICC Open 2015"]
[Site "Internet Chess Club"]
[Date "2015.05.29"]
[Round "6"]
[White "jugador"]
[Black "JUGGERNOT"]
[Result "0-1"]
[ICCResult "White resigns"]
[WhiteElo "1689"]
[BlackElo "1855"]
[Opening "Scandinavian defense"]
[ECO "B01"]
[NIC "SD.03"]
[Time "15:02:40"]
[TimeControl "180+0"]

1. e4 d5 2. exd5 Nf6 3. Bb5+ Bd7 4. Bc4 b5 5. Bb3 a5 6. a4 bxa4 7. Bc4 Bf5
8. Nc3 Nbd7 9. Nge2 Nb6 10. Bb5+ Bd7 11. Bc6 Bxc6 12. dxc6 e6 13. O-O Bd6
14. d3 O-O 15. Bg5 h6 16. Bh4 Be7 17. Bg3 Nbd5 18. Nxa4 Nh5 19. b3 Nxg3 20.
hxg3 Qd6 21. c4 Nb4 22. d4 Qxc6 23. Nf4 Rfd8 24. Qg4 Rxd4 25. Rad1 Rad8 26.
Rxd4 Rxd4 27. Rd1 Qd7 28. Re1 Bf6 29. Nd5 Rxg4 {White resigns} 0-1

[Event "ICC Open 2015"]
[Site "Internet Chess Club"]
[Date "2015.05.29"]
[Round "6"]
[White "jensak"]
[Black "Cramagica"]
[Result "1-0"]
[ICCResult "Black forfeits on time"]
[WhiteElo "1621"]
[BlackElo "1229"]
[Opening "Sicilian"]
[ECO "B55"]
[NIC "SI.01"]
[Time "15:01:28"]
[TimeControl "180+0"]

1. e4 c5 2. Nf3 d6 3. d4 cxd4 4. Nxd4 Nf6 5. Bd3 a6 6. c4 e5 7. Nc2 Be6 8.
Qe2 Be7 9. Nc3 Nbd7 10. h3 Nc5 11. O-O O-O 12. Nb4 Nxd3 13. Qxd3 Rc8 14. b3
Qc7 15. Be3 b5 16. Ncd5 Bxd5 17. Nxd5 Nxd5 18. cxd5 Qc3 19. Qxc3 Rxc3 20.
Rac1 Rfc8 21. Rxc3 Rxc3 22. Rc1 Rxc1+ 23. Bxc1 g6 24. Kf1 f5 25. f3 fxe4 26.
fxe4 Kg7 27. Ke2 h6 28. Kd3 g5 29. Be3 Bd8 30. Ba7 Ba5 31. Bb8 Bb4 32. Kc2
a5 33. Kb2 Bc5 34. a3 b4 35. a4 Kf7 36. Bc7 Bd4+ 37. Kc2 Ke7 38. Bxa5 Kd7
39. Bxb4 Bc5 40. Bxc5 dxc5 41. Kd3 Kd6 42. Kc4 h5 43. g4 hxg4 44. hxg4 Kc7
45. Kxc5 Kc8 46. Kd6 Kd8 47. Kxe5 {Black forfeits on time} 1-0

[Event "ICC Open 2015"]
[Site "Internet Chess Club"]
[Date "2015.05.29"]
[Round "6"]
[White "SCORPION83"]
[Black "ikica"]
[Result "1-0"]
[ICCResult "Black resigns"]
[WhiteElo "3208"]
[BlackElo "2837"]
[Opening "Benkö gambit accepted"]
[ECO "A58"]
[NIC "BI.45"]
[Time "15:00:55"]
[TimeControl "180+0"]

1. d4 Nf6 2. c4 c5 3. d5 b5 4. cxb5 a6 5. bxa6 g6 6. Nc3 Bg7 7. e4 O-O 8. e5
Ne8 9. Nf3 d6 10. Bf4 Nd7 11. exd6 exd6 12. Bd3 Qe7+ 13. Qe2 Qxe2+ 14. Kxe2
Bxa6 15. Rhb1 Nb6 16. Bxa6 Rxa6 17. Kd3 Na4 18. Nxa4 Rxa4 19. Bd2 Nc7 20.
Bc3 Nxd5 21. Bxg7 Kxg7 22. b3 Ra3 23. Rb2 Nf4+ 24. Kc3 Rfa8 25. Rd1 Rxa2 26.
Rxd6 Nxg2 27. Ne5 Rxb2 28. Kxb2 Re8 29. Nd3 Ne1 30. Nxc5 Re2+ 31. Kc3 Rxf2
32. b4 Rxh2 33. b5 Rc2+ 34. Kb4 Rb2+ 35. Nb3 Rb1 36. b6 Nc2+ 37. Ka4 Na1 38.
Rd3 Nxb3 39. Rxb3 Ra1+ 40. Kb5 Ra8 41. b7 Rb8 42. Kc6 h5 43. Kc7 Rh8 44. Rd3
h4 45. Rd8 Rxd8 46. Kxd8 g5 47. b8=Q Kg6 48. Ke7 g4 49. Qf4 g3 50. Qxh4 g2
51. Qg4+ {Black resigns} 1-0

[Event "ICC Open 2015"]
[Site "Internet Chess Club"]
[Date "2015.05.29"]
[Round "6"]
[White "canpawn"]
[Black "dietcoke"]
[Result "0-1"]
[ICCResult "White checkmated"]
[WhiteElo "1529"]
[BlackElo "2111"]
[Opening "Giuoco Pianissimo"]
[ECO "C55"]
[NIC "IG.01"]
[Time "15:02:14"]
[TimeControl "180+0"]

1. e4 e5 2. Nf3 Nc6 3. Bc4 Nf6 4. d3 Bc5 5. O-O d6 6. Nc3 Bg4 7. h3 Bh5 8.
g4 Nxg4 9. hxg4 Bxg4 10. Kg2 Nd4 11. Nxd4 Bxd1 12. Nxd1 Bxd4 13. c3 Bb6 14.
Ne3 c6 15. Ng4 h5 16. Nh2 h4 17. Kh3 Qd7+ 18. Ng4 d5 19. exd5 cxd5 20. Bb3
f5 21. Nxe5 Qd6 22. Re1 O-O-O 23. Bf4 g5 24. Bxg5 Bxf2 25. Re2 Bg3 26. Nf7
Qd7 27. Nxh8 f4+ 28. Kg2 Rxh8 29. Re7 Qg4 30. Bxd5 Qxg5 31. Bxb7+ Kb8 32.
Kf3 Qxe7 33. Be4 h3 34. Rh1 h2 35. b3 Qh4 36. c4 Qh5+ 37. Kg2 Qe2#
{White checkmated}
0-1

[Event "ICC Open 2015"]
[Site "Internet Chess Club"]
[Date "2015.05.29"]
[Round "6"]
[White "BFavre"]
[Black "Fanta"]
[Result "1-0"]
[ICCResult "Black checkmated"]
[WhiteElo "1739"]
[BlackElo "1925"]
[Opening "English: Torre defensive system"]
[ECO "A11"]
[NIC "RE.04"]
[Time "15:01:25"]
[TimeControl "180+0"]

1. c4 c6 2. g3 d5 3. Nf3 Nf6 4. b3 Bg4 5. Bb2 e6 6. Bg2 Qb6 7. cxd5 Ne4 8.
O-O exd5 9. d3 Nf6 10. Ne5 Bf5 11. e4 dxe4 12. dxe4 Be6 13. Nc3 Bb4 14. Na4
Qa5 15. a3 Be7 16. b4 Qc7 17. Nc5 O-O 18. Nxe6 fxe6 19. Qb3 Qc8 20. Bh3 Kh8
21. Bxe6 Qc7 22. Nf7+ Rxf7 23. Bxf7 Nxe4 24. Rae1 Ng5 25. Bc4 h6 26. Qc3 Bf6
27. Re8+ Kh7 28. Qc2+ g6 29. Bxf6 Nd7 30. Rxa8 Nxf6 31. f4 Nge4 32. Bd3 Qb6+
33. Kg2 Qe3 34. Rxa7 Qxa7 35. Bxe4 Qxa3 36. Bxg6+ Kg7 37. Re1 Qxb4 38. f5
Nd5 39. Qe2 Qc3 40. Qe5+ Qxe5 41. Rxe5 Kf6 42. Re6+ Kg5 43. Rd6 Ne3+ 44. Kf3
Nc4 45. h4# {Black checkmated} 1-0

[Event "ICC Open 2015"]
[Site "Internet Chess Club"]
[Date "2015.05.29"]
[Round "6"]
[White "Rembrand"]
[Black "FHNA"]
[Result "0-1"]
[ICCResult "White resigns"]
[WhiteElo "2112"]
[BlackElo "2574"]
[Opening "French: exchange variation"]
[ECO "C01"]
[NIC "FR.01"]
[Time "15:01:22"]
[TimeControl "180+0"]

1. e4 e6 2. d4 d5 3. exd5 exd5 4. c4 Nf6 5. Nc3 Nc6 6. Be3 Be7 7. Bd3 O-O 8.
Nge2 dxc4 9. Bxc4 Nb4 10. a3 Nbd5 11. O-O c6 12. Ng3 Be6 13. Bd3 Qd7 14. Bc2
Rfe8 15. Qd3 g6 16. Bg5 Bf8 17. Rfe1 Bg7 18. Nce4 Nxe4 19. Nxe4 Bf5 20. Qd2
Bxe4 21. Bxe4 Nb6 22. Rad1 Re6 23. h4 Rae8 24. Bb1 Rxe1+ 25. Rxe1 Rxe1+ 26.
Qxe1 Bxd4 27. Qe2 Bg7 28. h5 Nd5 29. h6 Bf8 30. Ba2 Qe6 31. Qd2 a6 32. g3
Bd6 33. Qd4 Qe5 34. Qd2 Bf8 35. Bc4 Qe4 36. Bf1 b5 37. Bg2 Qe5 38. Qc1 c5
39. Qd2 Nf6 40. Bf4 Qf5 41. Qd8 Qe6 42. Bg5 Ng4 43. Qd2 c4 44. Bh3 Qe4 45.
Bxg4 Qxg4 46. Qd8 Qe6 47. Be3 Qe7 48. Qc8 Qd6 49. Bf4 Qc5 50. Be3 Qxc8
{White resigns}
0-1

[Event "ICC Open 2015"]
[Site "Internet Chess Club"]
[Date "2015.05.29"]
[Round "6"]
[White "Chisel"]
[Black "truufseir"]
[Result "1/2-1/2"]
[ICCResult "Black ran out of time and White has no material to mate"]
[WhiteElo "1695"]
[BlackElo "1518"]
[Opening "Vienna game"]
[ECO "C25"]
[NIC "VG.04"]
[Time "15:01:24"]
[TimeControl "180+0"]

1. e4 e5 2. Nc3 Bc5 3. Bc4 d6 4. d3 Nc6 5. Be3 Bxe3 6. fxe3 Nf6 7. Nf3 Ng4
8. Qe2 Qf6 9. h3 Qh6 10. O-O-O Nxe3 11. Kb1 Nxd1 12. Rxd1 O-O 13. Nd5 Be6
14. Nh2 Nd4 15. Qf2 c6 16. Ne7+ Kh8 17. Ng4 Bxg4 18. hxg4 b5 19. Bb3 Nxb3
20. axb3 c5 21. Nf5 Qg6 22. Qh4 a5 23. Rh1 Rfe8 24. g5 d5 25. Qg4 f6 26.
exd5 Qxg5 27. Qxg5 fxg5 28. g4 Rad8 29. d6 g6 30. Nh6 Rd7 31. Rf1 Kg7 32.
Rh1 Re6 33. Kc1 Rexd6 34. Kd2 c4 35. bxc4 bxc4 36. Ra1 cxd3 37. c3 Rd5 38.
Rh1 e4 39. c4 e3+ 40. Kxe3 Rd4 41. Kd2 Rxc4 42. b3 Rc2+ 43. Ke3 d2 44. Rd1
Kxh6 45. Rh1+ Kg7 46. Rd1 Rc1 47. Rxd2 Rxd2 48. Kxd2 Rb1 49. b4 Rb3 50. bxa5
Rg3 51. a6 Rxg4 52. a7 Ra4 53. a8=Q Rxa8 54. Ke2 Rd8 55. Kf2 g4 56. Kg3 h5
57. Kh4 Rd3 58. Kg5 Rh3 59. Kf4 g3 60. Kf3 g2+ 61. Kxg2
{Black ran out of time and White has no material to mate}
1/2-1/2

[Event "ICC Open 2015"]
[Site "Internet Chess Club"]
[Date "2015.05.29"]
[Round "6"]
[White "ural"]
[Black "Pantani"]
[Result "0-1"]
[ICCResult "White resigns"]
[WhiteElo "2515"]
[BlackElo "3039"]
[Opening "Sicilian defense"]
[ECO "B20"]
[NIC "SI.48"]
[Time "15:02:22"]
[TimeControl "180+0"]

1. e4 c5 2. b3 g6 3. Bb2 Nf6 4. e5 Nd5 5. Nc3 Nf4 6. g3 Ne6 7. Bg2 Nc6 8.
Nf3 Bg7 9. O-O O-O 10. Re1 b6 11. Nd5 Bb7 12. c4 d6 13. Bc3 dxe5 14. Nxe5
Rc8 15. Nxc6 Bxc6 16. Qg4 Bxd5 17. Bxd5 Nd4 18. Rac1 e6 19. Bg2 Qd6 20. h4
h6 21. Qe4 Rfd8 22. Kh2 Nf5 23. Red1 Bd4 24. f4 h5 25. Bh3 Ne7 26. Bxd4 Qxd4
27. Qxd4 Rxd4 28. Rc2 Rcd8 29. Kg2 Nc6 30. Kf2 Nb4 31. Rcc1 Nd3+ 32. Ke3
Nxc1 33. Rxc1 Rd3+ 34. Ke4 Rxg3 35. Bf1 f6 {White resigns} 0-1

[Event "ICC Open 2015"]
[Site "Internet Chess Club"]
[Date "2015.05.29"]
[Round "6"]
[White "sibirica"]
[Black "MWeston"]
[Result "0-1"]
[ICCResult "White checkmated"]
[WhiteElo "2560"]
[BlackElo "2720"]
[Opening "Ruy Lopez: 5.O-O"]
[ECO "C78"]
[NIC "RL.12"]
[Time "15:01:52"]
[TimeControl "180+0"]

1. e4 e5 2. Nf3 Nc6 3. Bb5 a6 4. Ba4 Nf6 5. O-O b5 6. Bb3 Bc5 7. d3 h6 8.
Nc3 d6 9. Nd5 O-O 10. c3 Bd7 11. Re1 Rb8 12. d4 Ba7 13. Be3 Ng4 14. h3 Nxe3
15. Nxe3 exd4 16. cxd4 Na5 17. Bc2 c5 18. d5 Re8 19. Qd2 c4 20. Nd4 Qf6 21.
Ndf5 Nb7 22. Ng4 Qg6 23. Qf4 Bxf5 24. exf5 Qg5 25. Qg3 h5 26. f6 hxg4 27.
fxg7 Qxg7 28. hxg4 Qxb2 29. Bf5 Qg7 30. g5 Bd4 31. Rad1 Be5 32. Qg4 Nc5 33.
Re3 Re7 34. Rh3 Rbe8 35. Rh7 Qxh7 36. Bxh7+ Kxh7 37. f4 Bc3 38. Kh2 Re3 39.
Rh1 Kg7 40. g3 Re2+ 41. Kg1 Bd4+ 42. Kf1 Rf2+ 43. Kg1 Re1# {White
checkmated} 0-1

[Event "ICC Open 2015"]
[Site "Internet Chess Club"]
[Date "2015.05.29"]
[Round "6"]
[White "BornReti"]
[Black "xionoula"]
[Result "0-1"]
[ICCResult "White resigns"]
[WhiteElo "1792"]
[BlackElo "2207"]
[Opening "Réti opening"]
[ECO "A11"]
[NIC "QP.09"]
[Time "15:01:43"]
[TimeControl "180+0"]

1. Nf3 d5 2. c4 c6 3. e3 Nf6 4. Be2 a6 5. O-O e6 6. b3 Be7 7. Bb2 O-O 8. d4
Nbd7 9. Nc3 b5 10. cxb5 cxb5 11. Rc1 Bb7 12. Rc2 Rc8 13. Bd3 h6 14. Qe2 Qb6
15. Rfc1 Bb4 16. a3 Be7 17. e4 dxe4 18. Nxe4 Rxc2 19. Rxc2 Nxe4 20. Bxe4
Bxe4 21. Qxe4 Nf6 22. Qc6 Qxc6 23. Rxc6 Ra8 24. Ne5 Nd5 25. Nd7 a5 26. Nb6
Nxb6 27. Rxb6 b4 28. a4 Bf6 29. Rc6 Rd8 30. g3 Bxd4 31. Bxd4 Rxd4 32. Rc5
Rd5 33. Rc8+ Kh7 34. Ra8 Kg6 35. Kg2 Kf5 36. h3 Ke4 37. f4 Kd3 38. Kf3 Kc3
39. Ra7 Kxb3 40. Rxf7 Kxa4 41. Rxg7 b3 42. g4 b2 43. Rb7 Rb5 44. Rxb5 Kxb5
45. g5 hxg5 46. fxg5 b1=Q 47. h4 Qf5+ {White resigns} 0-1

[Event "ICC Open 2015"]
[Site "Internet Chess Club"]
[Date "2015.05.29"]
[Round "6"]
[White "Vladimirovich"]
[Black "EREBUNI"]
[Result "1-0"]
[ICCResult "Black resigns"]
[WhiteElo "3296"]
[BlackElo "3043"]
[Opening "English opening"]
[ECO "E12"]
[NIC "QP.11"]
[Time "15:02:10"]
[TimeControl "180+0"]

1. Nf3 Nf6 2. c4 b6 3. Nc3 Bb7 4. d4 e6 5. a3 d5 6. cxd5 Nxd5 7. e3 Nxc3 8.
bxc3 Be7 9. Bd3 c5 10. O-O cxd4 11. cxd4 O-O 12. e4 Nc6 13. Be3 Bf6 14. e5
Be7 15. h4 Qd5 16. Qb1 g6 17. Be4 Qd7 18. h5 Na5 19. hxg6 hxg6 20. Bh6 Bxe4
21. Qxe4 Rfc8 22. Rad1 Qb7 23. Qf4 Qd5 24. Ng5 Bxg5 25. Bxg5 f5 26. Bf6 Qd7
27. Rd3 Rf8 28. Rh3 Rxf6 29. exf6 Qf7 30. Rc1 Qxf6 31. Rc7 g5 32. Rg3 Rd8
33. Rxg5+ Kf8 34. Qh4 Rxd4 35. Rg8+ {Black resigns} 1-0

[Event "ICC Open 2015"]
[Site "Internet Chess Club"]
[Date "2015.05.29"]
[Round "6"]
[White "Federicov"]
[Black "Jack-Daniels"]
[Result "1-0"]
[ICCResult "Black resigns"]
[WhiteElo "3208"]
[BlackElo "2839"]
[Opening "Sicilian defense"]
[ECO "B40"]
[NIC "SI.43"]
[Time "15:02:15"]
[TimeControl "180+0"]

1. e4 c5 2. Nf3 e6 3. g3 Nc6 4. Bg2 Nf6 5. Qe2 e5 6. O-O Be7 7. Na3 O-O 8.
c3 d6 9. Nc2 Re8 10. d3 Bf8 11. Bg5 h6 12. Bxf6 Qxf6 13. Ne3 Be6 14. Nh4 g6
15. a3 Qd8 16. b4 b6 17. Nf3 Bg7 18. Nd2 Rc8 19. Rab1 Ne7 20. Ndc4 d5 21.
exd5 Nxd5 22. Nxd5 Bxd5 23. Bxd5 Qxd5 24. Ne3 Qb7 25. c4 e4 26. Nd5 exd3 27.
Qxd3 cxb4 28. axb4 Qc6 29. Rbc1 Qd6 30. Kg2 Red8 31. Rfd1 Bf8 32. Qf3 Qe5
33. Re1 Qf5 34. Qxf5 gxf5 35. Re5 b5 36. c5 a5 37. bxa5 Rxc5 38. Rxc5 Bxc5
39. Nf6+ Kg7 40. Nh5+ Kg6 41. Rxc5 Kxh5 42. Rxf5+ Kg6 43. Rxb5 Rd2 44. h4
Ra2 45. h5+ Kg7 46. g4 Ra4 47. Kg3 Ra2 48. f3 Ra4 49. Rf5 Ra3 50. Kf2 Kg8
51. Ke2 Kg7 52. Kd2 f6 53. Kc2 Kf7 54. Kb2 Ra4 55. Kb3 Ra1 56. Kb4 Rb1+ 57.
Kc5 Ke6 58. a6 Ra1 59. Kb6 {Black resigns} 1-0

[Event "ICC Open 2015"]
[Site "Internet Chess Club"]
[Date "2015.05.29"]
[Round "6"]
[White "perronegro"]
[Black "HematiteBrown"]
[Result "0-1"]
[ICCResult "White resigns"]
[WhiteElo "1601"]
[BlackElo "2092"]
[Opening "Sicilian"]
[ECO "B50"]
[NIC "SI.01"]
[Time "15:01:58"]
[TimeControl "180+0"]

1. e4 c5 2. Nf3 d6 3. Bc4 Nf6 4. d3 e6 5. Bg5 a6 6. Bxf6 Qxf6 7. Nc3 Nc6 8.
O-O b5 9. Bb3 Bb7 10. a3 Be7 11. Ne2 h6 12. Ng3 g6 13. c4 Qxb2 14. Rb1 Qxa3
15. cxb5 axb5 16. Nh4 Bxh4 17. Qg4 Be7 18. h3 h5 19. Qd1 Nd4 20. Ne2 O-O 21.
Nxd4 cxd4 22. f4 d5 23. e5 Rac8 24. g4 hxg4 25. hxg4 Kg7 26. f5 Bg5 27. f6+
Kh7 28. Qf3 Rh8 29. Rf2 Be3 30. Kg2 Bxf2 31. Qxf2 Rc1 32. Rxc1 Qxc1 33. Qxd4
Kg8 34. Qb6 d4+ 35. Qxb7 Qh1+ 36. Kf2 Qxb7 {White resigns} 0-1

[Event "ICC Open 2015"]
[Site "Internet Chess Club"]
[Date "2015.05.29"]
[Round "6"]
[White "opportunity"]
[Black "ShreyansGhia"]
[Result "1-0"]
[ICCResult "Black checkmated"]
[WhiteElo "1905"]
[BlackElo "1849"]
[Opening "Center game"]
[ECO "C21"]
[NIC "KP.04"]
[Time "15:01:43"]
[TimeControl "180+0"]

1. e4 e5 2. d4 exd4 3. Nf3 Bc5 4. Bc4 f6 5. Nxd4 Nh6 6. Qh5+ Kf8 7. Qxc5+ d6
8. Qa3 c5 9. Ne6+ Ke8 10. Nxg7+ Kd7 11. Bxh6 a6 12. O-O Nc6 13. Nc3 b5 14.
Be6+ Kc7 15. Nd5+ Kb7 16. Qh3 Nd4 17. Bxc8+ Rxc8 18. c3 Ne2+ 19. Kh1 Re8 20.
Rae1 Rxe4 21. Qf3 Re5 22. Rxe2 Rxe2 23. Qxe2 Kc6 24. Ne7+ Kb7 25. Nxc8 Qxc8
26. Qe7+ Kb6 27. Ne6 Qc6 28. Bf8 b4 29. Qxd6 Qxd6 30. Bxd6 Kc6 31. Bxc5 a5
32. cxb4 axb4 33. Bxb4 Kd5 34. Nf4+ Ke5 35. g3 Kf5 36. f3 h6 37. Rc1 Kg5 38.
h4+ Kf5 39. Rc5# {Black checkmated} 1-0

[Event "ICC Open 2015"]
[Site "Internet Chess Club"]
[Date "2015.05.29"]
[Round "6"]
[White "Samset0304"]
[Black "jyd34"]
[Result "0-1"]
[ICCResult "White forfeits on time"]
[WhiteElo "1541"]
[BlackElo "1535"]
[Opening "Petrov: Damiano variation"]
[ECO "C42"]
[NIC "RG.03"]
[Time "15:01:08"]
[TimeControl "180+0"]

1. e4 e5 2. Nf3 Nf6 3. Nxe5 Nxe4 4. Qe2 Qe7 5. Qxe4 d6 6. Qa4+ Bd7 7. Qb4
dxe5 8. Qxb7 Bc6 9. Bb5 Qd7 10. Bxc6 Qxc6 11. Qxc6+ Nxc6 12. Nc3 Bd6 13. d3
Nd4 14. Kd1 O-O 15. Be3 c5 16. Bxd4 exd4 17. Ne4 Be7 18. Kd2 Rab8 19. b3
Rfe8 20. Rhe1 Bf8 21. Re2 h6 22. Rae1 Rec8 23. g4 Rb6 24. g5 g6 25. gxh6
Bxh6+ 26. Kd1 Kg7 27. f3 a5 28. a4 Be3 29. Rg2 Re6 30. h4 f5 31. Ng5 Re7 32.
f4 Rce8 33. Rf1 Kf6 34. Rh2 Rh8 35. Nf3 Bxf4 36. Rfh1 Bxh2 37. Rxh2 Rh5
{White forfeits on time}
0-1